[Event "Team 45 45 League T42"]
[Site "Internet Chess Club"]
[Date "2009.09.06"]
[Round "6"]
[White "jjmolina"]
[Black "chess9397"]
[Result "1/2-1/2"]
[WhiteElo "1679"]
[BlackElo "1882"]
[Opening "Sicilian: Hungarian variation"]
[ECO "B27"]
[Time "15:32:28"]
[TimeControl "2700+45"]

1. e4 c5 2. Nf3 g6 3. d4 cxd4 4. Qxd4 Nf6 5. Bb5 a6 6. Ba4 Bg7 7. e5 Ng8 8. O-O
Nc6 9. Qe4 d5 10. exd6 Qxd6 11. Re1 Nf6 12. Qe3 O-O 13. Nc3 Bf5 14. Qe2 Rac8 15.
Bb3 Rfd8 16. a3 e5 17. Be3 Nd4 18. Bxd4 exd4 19. Rad1 Qc5 20. Na4 Qa7 21. Ng5
Rc7 22. Bxf7+ Kh8 23. Bb3 b5 24. Nc3 Bg4 25. Nf3 Rf8 26. Nb1 Nh5 27. Nbd2 Nf4
28. Qe4 Bc8 29. Bd5 Qc5 30. Ba8 Qxc2 31. Qxc2 Rxc2 32. b3 Bf5 33. Bb7 a5 34. Be4
Bxe4 35. Rxe4 Ra2 36. a4 bxa4 37. bxa4 Rxa4 38. Nb3 Ra2 39. Nbxd4 a4 40. Ne6
Nxe6 41. Rxe6 a3 42. Ra6 Rc8 43. g3 Kg8 44. Ra7 Bf8 45. Rdd7 Rc1+ 46. Kg2 Rac2
47. Ra8 Rc8 48. Raa7 R8c2 49. Ra8 {Game drawn by mutual agreement} 1/2-1/2

[Event "Team 45 45 League T42"]
[Site "Internet Chess Club"]
[Date "2009.09.02"]
[Round "6"]
[White "TIP"]
[Black "mongmong"]
[Result "1-0"]
[WhiteElo "1694"]
[BlackElo "1532"]
[Opening "French defense"]
[ECO "C00"]
[Time "19:26:29"]
[TimeControl "2700+45"]

1. e4 e6 2. Nf3 d5 3. exd5 exd5 4. c4 Nf6 5. cxd5 Nxd5 6. Bc4 Nf6 7. O-O Be7 8.
Qb3 O-O 9. Ng5 Nbd7 10. Nxf7 Qe8 11. Nd6+ {Black resigns} 1-0

[Event "Team 45 45 League T42"]
[Site "Internet Chess Club"]
[Date "2009.09.06"]
[Round "6"]
[White "PublisherKing"]
[Black "PrincessChess"]
[Result "1-0"]
[WhiteElo "1896"]
[BlackElo "1720"]
[Opening "Queen's Indian: 4.Nc3"]
[ECO "E12"]
[Time "12:10:41"]
[TimeControl "2700+45"]

1. c4 Nf6 2. d4 e6 3. Nf3 b6 4. Nc3 Bb7 5. Qc2 d5 6. e3 Bb4 7. a3 Bxc3+ 8. bxc3
O-O 9. cxd5 Qxd5 10. c4 Qe4 11. Qxe4 Nxe4 12. Bb2 Nd7 13. Bd3 c5 14. Ke2 cxd4
15. exd4 Rfc8 16. Rac1 Nd6 17. Rc2 Be4 18. Rhc1 Bxd3+ 19. Kxd3 f6 20. c5 bxc5
21. dxc5 Nf7 22. Nd4 e5 23. Nf5 Kf8 24. c6 Nb6 25. a4 g6 26. Ba3+ Ke8 27. Ng7+
Kd8 28. Ne6+ Ke8 29. a5 Nd5 30. Ng7+ Kd8 31. Ke4 {Black resigns} 1-0

[Event "Team 45 45 League T42"]
[Site "Internet Chess Club"]
[Date "2009.09.08"]
[Round "6"]
[White "LuxAeterna"]
[Black "b-spot"]
[Result "1-0"]
[WhiteElo "1788"]
[BlackElo "1754"]
[Opening "Sicilian"]
[ECO "B50"]
[Time "22:00:06"]
[TimeControl "2700+45"]

1. e4 c5 2. Nf3 d6 3. Bc4 Nf6 4. d3 e6 5. Nc3 Be7 6. e5 dxe5 7. Nxe5 O-O 8. O-O
b6 9. Qf3 Nbd7 10. Nxf7 Qc7 11. Bf4 Qb7 12. Qe2 Nd5 13. Qxe6 Nxf4 14. Nh6+ Kh8
15. Qg8+ Rxg8 16. Nf7# {Black checkmated} 1-0

[Event "Team 45 45 League T42"]
[Site "Internet Chess Club"]
[Date "2009.09.06"]
[Round "6"]
[White "Frankly"]
[Black "ElMarginal"]
[Result "0-1"]
[WhiteElo "1622"]
[BlackElo "1522"]
[Opening "Benoni defense, Hromodka system"]
[ECO "A56"]
[Time "02:02:23"]
[TimeControl "2700+45"]

1. d4 c5 2. d5 Nf6 3. c4 d6 4. Nc3 Nbd7 5. e4 g6 6. f4 Bg7 7. Nf3 O-O 8. Be2 Nb6
9. h3 Nh5 10. Kf2 e5 11. f5 Nf4 12. Rf1 gxf5 13. Kg1 Nxe2+ 14. Qxe2 fxe4 15.
Nxe4 f5 16. Ng3 e4 17. Ng5 Bd4+ 18. Kh1 Be5 19. Qh5 Qe7 20. N3xe4 fxe4 21. Rxf8+
Kxf8 22. Nxh7+ Kg8 23. Bg5 Qxh7 24. Qe8+ Kg7 25. Rf1 Bf5 26. Qe7+ Kg8 27. g4
Qxe7 28. Bxe7 Bg6 29. h4 Nxc4 30. h5 Bh7 31. b3 Nb6 32. Rd1 Re8 33. Bh4 e3 34.
Re1 Nxd5 35. Re2 Be4+ 36. Kg1 Bd3 {White resigns} 0-1

[Event "Team 45 45 League T42"]
[Site "Internet Chess Club"]
[Date "2009.09.07"]
[Round "6"]
[White "ILRE"]
[Black "AntonioMendonca"]
[Result "1-0"]
[WhiteElo "1627"]
[BlackElo "1699"]
[Opening "Sicilian: closed"]
[ECO "B24"]
[Time "20:13:18"]
[TimeControl "2700+45"]

1. e4 c5 2. Nc3 Nc6 3. g3 g6 4. Bg2 Bg7 5. d3 Nf6 6. f4 O-O 7. Nf3 d6 8. O-O Bd7
9. h3 Rb8 10. g4 h5 11. g5 Ne8 12. Nh4 Qc8 13. f5 Nc7 14. Rb1 b5 15. Be3 b4 16.
Ne2 a5 17. Qe1 Nb5 18. fxg6 fxg6 19. Nxg6 Rxf1+ 20. Qxf1 Qc7 21. Qf3 Be8 22.
Ngf4 Ne5 23. Qg3 Ng6 24. Ne6 Qd7 25. Nxg7 Kxg7 26. Rf1 Bf7 27. Nf4 Nxf4 28. Qxf4
e5 29. Qf6+ Kg8 30. g6 Be6 31. Qh4 Rf8 32. Rxf8+ Kxf8 33. Qxh5 Qg7 34. Bh6
{Black resigns} 1-0

[Event "Team 45 45 League T42"]
[Site "Internet Chess Club"]
[Date "2009.09.06"]
[Round "6"]
[White "Rhel"]
[Black "xt"]
[Result "0-1"]
[WhiteElo "1603"]
[BlackElo "1521"]
[Opening "QGD: 3.Nc3"]
[ECO "D31"]
[Time "14:34:33"]
[TimeControl "2700+45"]

1. d4 d5 2. c4 e6 3. Nc3 Ne7 4. Nf3 Nf5 5. cxd5 exd5 6. e3 Bb4 7. Qc2 O-O 8. Bd2
Nc6 9. Bd3 Qd7 10. O-O h6 11. a3 Ba5 12. b4 Bb6 13. Bb5 a6 14. Bd3 Re8 15. Rfb1
Nce7 16. Ne5 Qe6 17. Ne2 Nh4 18. Nf4 Qd6 19. b5 f6 20. Bb4 Qd8 21. Bh7+ Kf8 22.
Neg6+ Nxg6 23. Nxg6+ Kf7 24. Bxe7 Rxe7 25. Nxe7 Qxe7 26. Bg6+ Kf8 27. a4 Qe6 28.
Bd3 a5 29. Rf1 Bd7 30. f4 Qxe3+ 31. Kh1 Qxd4 32. Bf5 Be8 33. Rad1 Qc4 34. Qxc4
dxc4 35. Be6 Bf7 36. Bxf7 Kxf7 37. Rc1 Bc5 38. Rxc4 b6 39. f5 Rd8 40. g4 Rd2 41.
Rfc1 Ke7 42. R1c2 Rd3 43. Kg2 Kd6 44. Rf4 Ke5 45. Rf3 Rd4 46. Re2+ Kd6 47. Ra2
Rxg4+ 48. Kh3 Rd4 49. Rg3 Rd5 50. Rxg7 Rxf5 51. Rd2+ Ke6 52. Rxc7 Rf4 53. Rc6+
Kf5 54. Rd5+ Kg6 55. Rdxc5 bxc5 56. Rxc5 Rxa4 57. b6 Rb4 58. Rxa5 Rxb6 59. Kg4
Rb4+ 60. Kf3 f5 61. Rc5 Kg5 62. Kg3 Rb3+ 63. Kf2 h5 64. h4+ Kg4 65. Rc4+ f4 66.
Rd4 Rb2+ 67. Kg1 Kg3 68. Rd1 Kxh4 69. Rf1 Kg3 70. Rd1 f3 71. Ra1 h4 72. Kh1 h3
73. Kg1 Rg2+ 74. Kh1 Re2 75. Rg1+ Kf4 76. Rg8 Ke3 77. Re8+ Kd2 78. Rd8+ Ke1 79.
Ra8 Kd2 80. Ra2+ Ke3 81. Ra3+ Kf4 82. Ra4+ Kg3 83. Ra1 f2 84. Ra3+ Kf4 85. Ra4+
Ke3 86. Ra3+ Kd4 87. Ra4+ Kc3 88. Ra3+ Kb2 89. Rf3 Re1+ 90. Kh2 f1=Q 91. Re3
Qg2# {White checkmated} 0-1

[Event "Team 45 45 League T42"]
[Site "Internet Chess Club"]
[Date "2009.09.06"]
[Round "6"]
[White "blizzard13"]
[Black "allanchs"]
[Result "1-0"]
[WhiteElo "1385"]
[BlackElo "1553"]
[Opening "Evans gambit"]
[ECO "C52"]
[Time "13:01:46"]
[TimeControl "2700+45"]

1. e4 e5 2. Nf3 Nc6 3. Bc4 Bc5 4. b4 Bxb4 5. c3 Ba5 6. d4 exd4 7. Qb3 Qe7 8. O-O
d6 9. cxd4 Bb6 10. e5 dxe5 11. dxe5 Nxe5 12. Nxe5 Qxe5 13. Bxf7+ Kf8 14. Ba3+ c5
15. Nc3 Bd7 16. Rfe1 Qf5 17. Bxg8 Rxg8 18. Re3 Re8 19. Rf3 {Black resigns} 1-0

[Event "Team 45 45 League T42"]
[Site "Internet Chess Club"]
[Date "2009.09.08"]
[Round "6"]
[White "fileman"]
[Black "GabGag"]
[Result "0-1"]
[WhiteElo "1840"]
[BlackElo "2011"]
[Opening "KGD: classical variation"]
[ECO "C30"]
[Time "18:03:01"]
[TimeControl "2700+45"]

1. e4 e5 2. f4 Bc5 3. Nf3 d6 4. Nc3 Nc6 5. Bb5 Bg4 6. Bxc6+ bxc6 7. fxe5 dxe5 8.
h3 Bh5 9. g4 Bg6 10. Nxe5 Qh4+ 11. Ke2 Qf2+ 12. Kd3 Rd8+ 13. Nd5 Rxd5+ {White
resigns} 0-1

[Event "Team 45 45 League T42"]
[Site "Internet Chess Club"]
[Date "2009.09.06"]
[Round "6"]
[White "rubo"]
[Black "LoseOften"]
[Result "0-1"]
[WhiteElo "1700"]
[BlackElo "1876"]
[Opening "Bird's opening"]
[ECO "A03"]
[Time "14:01:58"]
[TimeControl "2700+45"]

1. f4 d5 2. Nf3 g6 3. e3 Bg7 4. Be2 Nf6 5. O-O O-O 6. d4 Nbd7 7. Qe1 c5 8. c3
Ne4 9. Nbd2 Ndf6 10. Ne5 h5 11. Qh4 Nxd2 12. Bxd2 Ne4 13. Bc1 Bf6 14. Qe1 Bf5
15. g4 hxg4 16. Nxg4 Qd7 17. Nxf6+ exf6 18. Qh4 Kg7 19. Bf3 Rh8 20. Qe1 Bh3 21.
Bxe4 Bxf1 22. Qxf1 dxe4 23. Qg2 Rh4 24. Qxe4 Qg4+ 25. Qg2 Qd1+ 26. Qf1 Qxf1+ 27.
Kxf1 Rxh2 28. Kg1 Rah8 29. e4 Rh1+ 30. Kg2 cxd4 31. cxd4 Rd1 32. e5 Rhh1 33. d5
Rxc1 34. Rxc1 Rxc1 35. d6 fxe5 36. fxe5 Kf8 37. Kf3 Re1 38. Kf4 Ke8 39. b4 Kd7
40. a4 Ke6 41. b5 Rxe5 42. d7 Rd5 43. Ke4 Rxd7 44. a5 Rd5 {White resigns} 0-1

[Event "Team 45 45 League T42"]
[Site "Internet Chess Club"]
[Date "2009.09.05"]
[Round "6"]
[White "shijith"]
[Black "PJ"]
[Result "1-0"]
[WhiteElo "1796"]
[BlackElo "1773"]
[Opening "two knights defense: Colman variation"]
[ECO "C58"]
[Time "06:00:53"]
[TimeControl "2700+45"]

1. e4 e5 2. Nf3 Nc6 3. Bc4 Nf6 4. Ng5 d5 5. exd5 Na5 6. Bb5+ c6 7. dxc6 bxc6 8.
Qf3 Rb8 9. Bxc6+ Nxc6 10. Qxc6+ Nd7 11. d4 Be7 12. h4 O-O 13. dxe5 Bb7 14. Qa4
Bxg2 15. Rg1 Rb4 16. Qxa7 Bxg5 17. Bxg5 Re4+ 18. Kd1 Bf3+ 19. Kc1 f6 20. exf6
Nxf6 21. Nd2 Re7 22. Qc5 Bh5 23. Bxf6 Rxf6 24. Qxh5 Rxf2 25. Nb3 Ree2 26. Qc5
Qxh4 27. Qc8+ Rf8 28. Qd7 Qh6+ 29. Kb1 Rfe8 30. a4 R2e7 31. Qd2 Qb6 32. Qd5+ Kh8
33. Ka2 Qa7 34. Qd4 Qa8 35. Rae1 h6 36. Rxe7 Rxe7 37. Rg6 {Black resigns} 1-0

[Event "Team 45 45 League T42"]
[Site "Internet Chess Club"]
[Date "2009.09.08"]
[Round "6"]
[White "nas3"]
[Black "predkoo"]
[Result "0-1"]
[WhiteElo "1730"]
[BlackElo "1719"]
[Opening "Ruy Lopez: exchange variation, 5.O-O"]
[ECO "C68"]
[Time "13:00:10"]
[TimeControl "2700+45"]

1. e4 e5 2. Nf3 Nc6 3. Bb5 a6 4. Bxc6 dxc6 5. O-O Bg4 6. d3 Bxf3 7. Qxf3 Qf6 8.
Qg3 Bd6 9. Nc3 Ne7 10. Kh1 Ng6 11. Bg5 Qe6 12. Ne2 f6 13. Be3 O-O-O 14. f4 exf4
15. Nxf4 Nxf4 16. Bxf4 Rhg8 17. a3 Bxf4 18. Qxf4 c5 19. Qf5 Qxf5 20. Rxf5 c4 21.
Rd1 cxd3 22. cxd3 Rd4 23. e5 Rd5 {White resigns} 0-1

[Event "Team 45 45 League T42"]
[Site "Internet Chess Club"]
[Date "2009.09.03"]
[Round "6"]
[White "Ickabod"]
[Black "Amauta"]
[Result "0-1"]
[WhiteElo "1776"]
[BlackElo "1832"]
[Opening "KGA: Kieseritsky, Salvio (Rosenthal) defense"]
[ECO "C39"]
[Time "10:19:51"]
[TimeControl "2700+45"]

1. e4 e5 2. f4 exf4 3. Nf3 g5 4. h4 g4 5. Ne5 Qe7 6. Nxg4 Qxe4+ 7. Qe2 d5 8. Nc3
Bxg4 9. Nxe4 Bxe2 10. Bxe2 dxe4 11. d3 e3 12. Bf3 c6 13. g3 fxg3 14. Bxe3 Ne7
15. Bf4 Rg8 16. Rg1 Nf5 17. Be4 Nxh4 18. O-O-O f5 19. Bh1 g2 20. Rde1+ Kf7 21.
Bxg2 Rxg2 22. Rh1 Rg4 23. Bd2 Nd7 24. Ref1 Nf6 25. Be1 Ng2 26. Bc3 Kg6 27. Rf3
Bh6+ 28. Kb1 Nd5 29. Be5 Re8 30. d4 Bg5 31. c4 Nde3 32. b4 Nxc4 33. Rfh3 h6 34.
Kc2 Nxe5 35. dxe5 Rxe5 {White resigns} 0-1

[Event "Team 45 45 League T42"]
[Site "Internet Chess Club"]
[Date "2009.09.05"]
[Round "6"]
[White "CHESSISTA1"]
[Black "j65536d"]
[Result "1/2-1/2"]
[WhiteElo "1810"]
[BlackElo "1850"]
[Opening "QGD semi-Slav: 5.e3"]
[ECO "D45"]
[Time "22:35:07"]
[TimeControl "2700+45"]

1. Nf3 d5 2. d4 Nf6 3. c4 c6 4. Nc3 e6 5. e3 Be7 6. Bd3 O-O 7. O-O Nbd7 8. Qc2
Re8 9. a3 Bf8 10. b4 h6 11. cxd5 exd5 12. h3 Bd6 13. Bb2 Nf8 14. Rac1 a6 15.
Rfe1 Be6 16. Na4 N8h7 17. Nc5 Qc7 18. a4 Ng5 19. Nxg5 hxg5 20. g4 Bc8 21. a5 Re7
22. Qe2 Bd7 23. Qf3 Rae8 24. Kg2 Bc8 25. Rc2 Ne4 26. Rh1 g6 27. Bxe4 Rxe4 28.
Nxe4 Rxe4 29. Bc3 Qe7 30. Rb2 f5 31. gxf5 Bxf5 32. Kf1 Rh4 33. Qg2 Be4 34. f3
Bf5 35. Kf2 Rh5 36. Bd2 Qe6 37. Ke1 Bxh3 38. Qf2 g4 39. f4 Qe4 40. Rg1 Be7 41.
Kd1 Bh4 42. Qe2 g3 43. Be1 Qf5 44. Kc1 Bg4 45. Qc2 Qe6 46. Rb3 Bf5 47. Qd2 Be7
48. Bxg3 Qe4 49. Kb2 Rh1 50. Rxh1 Qxh1 51. Qe1 Qe4 52. Ka3 {Game drawn by mutual
agreement} 1/2-1/2

[Event "Team 45 45 League T42"]
[Site "Internet Chess Club"]
[Date "2009.09.13"]
[Round "6"]
[White "Kurukshetra"]
[Black "Kravier"]
[Result "0-1"]
[WhiteElo "1688"]
[BlackElo "1722"]
[Opening "Sicilian defense"]
[ECO "B40"]
[Time "08:04:36"]
[TimeControl "2700+45"]

1. e4 c5 2. Nf3 e6 3. Nc3 a6 4. a4 Nc6 5. Bc4 g6 6. d3 Bg7 7. Ne2 d5 8. exd5
exd5 9. Ba2 Nge7 10. O-O O-O 11. d4 c4 12. c3 Bg4 13. Ne1 Bxe2 14. Qxe2 Re8 15.
Qg4 b5 16. Bf4 b4 17. h4 h5 18. Qh3 Nf5 19. Nf3 Re4 20. Bg3 Nxg3 21. fxg3 bxc3
22. bxc3 Qc8 23. Qxc8+ Rxc8 24. Ng5 Re7 25. Rae1 Rce8 26. Rxe7 Rxe7 27. Kf2 f6
28. Nh3 Bh6 29. Re1 Bd2 30. Rxe7 Nxe7 31. Nf4 Bxc3 32. Nxd5 Bxd4+ 33. Ke2 Kf8
34. Bxc4 Nxd5 35. Bxd5 a5 36. Kd3 Bf2 37. Be4 f5 38. g4 fxe4+ {White resigns}
0-1

[Event "Team 45 45 League T42"]
[Site "Internet Chess Club"]
[Date "2009.09.06"]
[Round "6"]
[White "cocou"]
[Black "tryanything"]
[Result "1-0"]
[WhiteElo "1708"]
[BlackElo "1584"]
[Opening "Queen's pawn game"]
[ECO "D02"]
[Time "18:05:37"]
[TimeControl "2700+45"]

1. d4 d5 2. Nf3 e6 3. Bf4 Bd6 4. Bxd6 Qxd6 5. b3 Nf6 6. e3 O-O 7. Be2 Nbd7 8.
O-O a5 9. c4 b6 10. Nbd2 Bb7 11. Qc1 c5 12. Qb2 cxd4 13. Nxd4 Rfd8 14. Rfd1 Nc5
15. a3 Nce4 16. Rac1 Rac8 17. N2f3 Ng4 18. Rf1 Ng5 19. g3 Nxf3+ 20. Bxf3 Nf6 21.
Nb5 Qe7 22. Rfd1 dxc4 23. Bxb7 Qxb7 24. Nd6 Qf3 25. Rd2 c3 26. Rxc3 Rxc3 27.
Qxc3 h6 28. Qc7 Rd7 29. Qc8+ Kh7 30. Qc2+ Kg8 31. Nc4 Rxd2 32. Qxd2 Qb7 33. Qd8+
Kh7 34. Qxb6 Qxb6 35. Nxb6 Nd5 36. Nxd5 exd5 37. Kf1 g5 38. Ke2 Kg6 39. Kd3 Kf6
40. Kd4 Ke6 41. b4 axb4 42. axb4 Kd6 43. b5 f5 44. f3 h5 45. b6 Kc6 46. b7 Kxb7
47. Kxd5 {Black resigns} 1-0

[Event "Team 45 45 League T42"]
[Site "Internet Chess Club"]
[Date "2009.09.06"]
[Round "6"]
[White "chsrules88"]
[Black "Wheels"]
[Result "1-0"]
[WhiteElo "2081"]
[BlackElo "2008"]
[Opening "Sicilian"]
[ECO "B50"]
[Time "21:03:51"]
[TimeControl "2700+45"]

1. e4 c5 2. Nf3 d6 3. Bd3 Nf6 4. O-O g6 5. c3 Bg7 6. Bc2 Nc6 7. h3 O-O 8. d4
cxd4 9. cxd4 Qc7 10. Nc3 a6 11. Bf4 Re8 12. Qd2 e5 13. Be3 Bd7 14. Rac1 b5 15.
Nd5 Qb7 16. dxe5 dxe5 17. Rfd1 Nxd5 18. exd5 Ne7 19. Bb3 Rac8 20. Ng5 Rxc1 21.
Rxc1 Rf8 22. Bc5 Bf6 23. Ne4 Kg7 24. Nxf6 Kxf6 25. Qh6 Rc8 26. Qh4+ Kg7 27. Qxe7
{Black resigns} 1-0

[Event "Team 45 45 League T42"]
[Site "Internet Chess Club"]
[Date "2009.09.06"]
[Round "6"]
[White "mfeatherston"]
[Black "cognito"]
[Result "1-0"]
[WhiteElo "1873"]
[BlackElo "1826"]
[Opening "Caro-Kann: exchange variation"]
[ECO "B13"]
[Time "15:01:31"]
[TimeControl "2700+45"]

1. e4 c6 2. d4 d5 3. exd5 cxd5 4. Bd3 Nc6 5. c3 g6 6. Nf3 Bg7 7. Bf4 Nh6 8. O-O
f6 9. Re1 Nf7 10. c4 e6 11. cxd5 Qxd5 12. Nc3 Qd8 13. d5 Nce5 14. Bxe5 fxe5 15.
Bb5+ Ke7 16. Qb3 a6 17. Bf1 Re8 18. Rad1 Qa5 19. dxe6 Bxe6 20. Bc4 Bxc4 21. Qxc4
Kf8 22. Rd7 Re7 23. b4 Qa3 24. Rxe7 Kxe7 25. Qc5+ Kd7 26. Rd1+ Ke8 27. Nd5
{Black resigns} 1-0

[Event "Team 45 45 League T42"]
[Site "Internet Chess Club"]
[Date "2009.09.07"]
[Round "6"]
[White "RingLord"]
[Black "Philly-Boy"]
[Result "1/2-1/2"]
[WhiteElo "1699"]
[BlackElo "1925"]
[Opening "Scandinavian defense"]
[ECO "B01"]
[Time "18:03:04"]
[TimeControl "2700+45"]

1. e4 d5 2. exd5 Nf6 3. d4 Bg4 4. Nf3 Qxd5 5. Be2 Nc6 6. c4 Qf5 7. h3 Bxf3 8.
Bxf3 O-O-O 9. Be3 e5 10. d5 Nb4 11. O-O Nc2 12. Nc3 Nxa1 13. Qxa1 h5 14. Bxa7 e4
15. Be2 b6 16. Qd1 Bc5 17. Qa4 Rh6 18. Qa6+ Kd7 19. b4 Bxf2+ 20. Rxf2 Qe5 21.
Qb5+ Ke7 22. Nd1 g5 23. Qa6 g4 24. h4 Qd4 25. Kh1 e3 26. Rf1 Ne4 27. c5 Ng3+ 28.
Kg1 Nxe2+ 29. Qxe2 Qxd5 30. cxb6 cxb6 31. Nxe3 Qe6 32. Nf5+ Kf8 33. Qb2 Rf6 34.
Qb1 Ra8 35. Qd3 Rg6 36. Nd4 Qd6 37. Qc4 {Game drawn by mutual agreement} 1/2-1/2

[Event "Team 45 45 League T42"]
[Site "Internet Chess Club"]
[Date "2009.09.04"]
[Round "6"]
[White "Grenadier"]
[Black "Bookkeeper"]
[Result "0-1"]
[WhiteElo "1657"]
[BlackElo "1719"]
[Opening "Caro-Kann: Panov-Botvinnik attack"]
[ECO "B13"]
[Time "08:03:14"]
[TimeControl "2700+45"]

1. e4 c6 2. d4 d5 3. exd5 cxd5 4. c4 Nf6 5. Nc3 Nc6 6. Nf3 Bf5 7. Bf4 e6 8. Nb5
Qa5+ 9. Bd2 Bb4 10. Nd6+ Kf8 11. Be2 Bxd2+ 12. Qxd2 Qxd2+ 13. Kxd2 Ne4+ 14. Nxe4
dxe4 15. Nh4 Nxd4 16. Rac1 Rd8 17. Ke3 Nxe2 18. Kxe2 Bg4+ 19. f3 Bh5 20. g4
exf3+ 21. Kxf3 Bg6 22. Rhd1 Rxd1 23. Rxd1 Ke7 24. b4 Bc2 25. Rd2 Ba4 26. a3 g5
27. Ng2 Rd8 28. Rxd8 Kxd8 29. Ne3 Bc6+ 30. Ke2 Be4 31. Kd2 Ke7 32. Kc3 f5 33.
Kd4 Kf6 34. Nd1 Bf3 35. Nf2 Bxg4 36. Nxg4+ fxg4 37. Ke4 h5 38. c5 h4 39. b5 h3
40. c6 bxc6 41. bxc6 Ke7 42. Ke3 Kd6 43. Kf2 Kxc6 44. Kg3 Kd5 45. Kxg4 e5 46.
Kf3 e4+ 47. Ke3 a5 48. a4 Ke5 49. Ke2 Kf4 50. Kf2 e3+ 51. Ke2 Ke4 52. Ke1 Kf3
53. Kf1 e2+ 54. Ke1 g4 {White resigns} 0-1

[Event "Team 45 45 League T42"]
[Site "Internet Chess Club"]
[Date "2009.09.05"]
[Round "6"]
[White "koni"]
[Black "SneakyRed"]
[Result "0-1"]
[WhiteElo "1989"]
[BlackElo "1877"]
[Opening "QGD Slav: 4.Nc3"]
[ECO "D15"]
[Time "10:01:35"]
[TimeControl "2700+45"]

1. Nf3 d5 2. d4 Nf6 3. c4 c6 4. Nc3 a6 5. c5 Nbd7 6. Bf4 Nh5 7. e3 b6 8. cxb6
Nxf4 9. exf4 e6 10. Rc1 Bd6 11. Ne5 Qxb6 12. Qd2 c5 13. Na4 Qb4 14. Nxc5 Bxc5
15. dxc5 Qe4+ 16. Qe3 Qb4+ 17. Qd2 Qe4+ 18. Qe3 Qb4+ 19. Qc3 Qe4+ 20. Kd1 Qxf4
21. Nd3 Qg4+ 22. f3 Qa4+ 23. Qb3 Qd4 24. Qc3 Qa4+ 25. Qb3 Qd4 26. Be2 O-O 27.
Rc2 Rb8 28. Qc3 Qa4 29. b3 Qa3 30. Qb2 Qa5 31. Qc3 Qa3 32. Kd2 Rb5 33. Rhc1 e5
34. Qb2 Qa5+ 35. b4 Qc7 36. a4 Rb8 37. Qa3 e4 38. Ne1 Qxh2 39. b5 Qf4+ 40. Qe3
Qc7 41. b6 Qc6 42. a5 Rd8 43. Qd4 Bb7 44. Rc3 Qh6+ 45. Kc2 Rbc8 46. Kb2 Nb8 47.
Nc2 Nc6 48. Qa4 Qd2 49. Re3 d4 50. Rd1 dxe3 51. Rxd2 Rxd2 52. Bc4 e2 53. Bxe2
Rxe2 54. fxe4 Rxg2 55. Kc3 Rg5 56. Kd3 Rxc5 57. Ne3 Rxa5 58. Qb3 Rb5 59. Qa4
Rxb6 60. Nd5 Rb5 61. Ke3 h6 62. Kf4 Rd8 63. Qa3 Ra5 64. Qg3 Rd6 65. Kg4 Rg6+
{White resigns} 0-1

[Event "Team 45 45 League T42"]
[Site "Internet Chess Club"]
[Date "2009.09.04"]
[Round "6"]
[White "Duguesclin"]
[Black "IceBox"]
[Result "1-0"]
[WhiteElo "1643"]
[BlackElo "1770"]
[Opening "QGD: Albin counter-gambit"]
[ECO "D08"]
[Time "16:01:58"]
[TimeControl "2700+45"]

1. d4 d5 2. c4 e5 3. dxe5 d4 4. a3 Nc6 5. Nf3 Nge7 6. e3 dxe3 7. Qxd8+ Nxd8 8.
Bxe3 Ng6 9. Nbd2 Nc6 10. Be2 Ncxe5 11. Nxe5 Nxe5 12. O-O Be6 13. Rfe1 Be7 14. b4
O-O 15. Bf4 Bf6 16. Rad1 c6 17. c5 Ng6 18. Bd6 Rfe8 19. Bf3 Nh4 20. Be2 Bb2 21.
Bc4 Bxa3 22. Re4 Bxc4 23. Rxc4 Nf5 24. Ne4 Rad8 25. g4 Ne7 26. Ra1 Bb2 27. Rxa7
Rd7 28. Ra2 Bf6 29. g5 Bxg5 30. Nxg5 Nd5 31. Re4 Red8 32. Rae2 Nf6 33. Re7 h6
34. Nxf7 Rxe7 35. Rxe7 Rd7 36. Rxd7 Nxd7 37. Nd8 {Black resigns} 1-0

[Event "Team 45 45 League T42"]
[Site "Internet Chess Club"]
[Date "2009.09.06"]
[Round "6"]
[White "calily"]
[Black "bondguy01"]
[Result "1/2-1/2"]
[WhiteElo "1712"]
[BlackElo "1683"]
[Opening "French: exchange variation"]
[ECO "C01"]
[Time "09:59:59"]
[TimeControl "2700+45"]

1. e4 e6 2. d4 d5 3. exd5 exd5 4. Nf3 Nc6 5. Bd3 Bd6 6. O-O Nge7 7. Be3 Bg4 8.
h3 Bh5 9. Nbd2 Qd7 10. Rc1 O-O 11. c3 Rae8 12. Qc2 Bg6 13. Rce1 Bxd3 14. Qxd3 a6
15. Re2 Qf5 16. Qxf5 Nxf5 17. Rfe1 Re7 18. Bg5 Rxe2 19. Rxe2 f6 20. Bh4 Kf7 21.
g4 Nxh4 22. Nxh4 g6 23. Kg2 {Game drawn by mutual agreement} 1/2-1/2

[Event "Team 45 45 League T42"]
[Site "Internet Chess Club"]
[Date "2009.09.08"]
[Round "6"]
[White "Lionskins"]
[Black "arriero55"]
[Result "1/2-1/2"]
[WhiteElo "1572"]
[BlackElo "1458"]
[Opening "English opening"]
[ECO "A05"]
[Time "13:04:23"]
[TimeControl "2700+45"]

1. Nf3 Nf6 2. c4 e6 3. a3 d5 4. e3 Be7 5. Nc3 c6 6. h3 Nbd7 7. b4 dxc4 8. Bxc4
b5 9. Be2 Bb7 10. Qc2 a6 11. Bb2 Rc8 12. d4 Bd6 13. O-O O-O 14. Ng5 h6 15. Nge4
Be7 16. Rac1 a5 17. Qb3 axb4 18. axb4 Nxe4 19. Nxe4 Nf6 20. Nc5 Ba8 21. Ra1 Bxc5
22. bxc5 Bb7 23. Bf3 Qc7 24. Bc3 Ra8 25. Qb2 Rxa1 26. Rxa1 Ra8 27. Rxa8+ Bxa8
28. Qa3 Qb8 29. e4 Bb7 30. Bb4 Qa8 31. Qxa8+ Bxa8 32. Kf1 Kf8 33. Ke2 Ke8 34. h4
Kd7 35. g4 Ne8 36. Ba5 Nc7 37. Bxc7 Kxc7 38. Kd3 Bb7 39. Kc3 Kb8 40. Be2 g5 41.
hxg5 hxg5 42. Kd2 Kc7 43. Ke3 Kd7 44. f4 gxf4+ 45. Kxf4 Ke7 46. Bd1 Bc8 47. g5
f6 48. Bb3 fxg5+ 49. Kxg5 Bb7 50. Kg6 Ba8 51. Kg5 Bb7 52. Kf4 Kf6 53. e5+ Ke7
{Game drawn by mutual agreement} 1/2-1/2